 Dungeon Crawl Stone Soup version 0.22.1-2-g9c5b331383 (webtiles) character file.

214 Knicklaso the Sneak (level 6, -8/34 HPs)
             Began as a Kobold Enchanter on Nov 4, 2018.
             Was an Initiate of Sif Muna.
             Mangled by a mummy (17 damage)
             ... in an ossuary on Nov 15, 2018.
             The game lasted 00:08:03 (4148 turns).

Knicklaso the Sneak (Kobold Enchanter)              Turns: 4148, Time: 00:08:03

Health: -8/34      AC:  3    Str:  6    XL:     6   Next: 15%
Magic:  28/28      EV: 16    Int: 18    God:    Sif Muna [......]
Gold:   168        SH:  0    Dex: 15    Spells: 7/10 levels left

rFire    . . .     SeeInvis .   c - +0 spear (venom)
rCold    . . .     Gourm    .   (shield restricted)
rNeg     . . .     Faith    .   b - +1 robe
rPois    .         Spirit   .   (helmet restricted)
rElec    .         Reflect  .   (no cloak)
rCorr    .         Harm     .   (no gloves)
MR       .....                  (no boots)
Stlth    +++.......             (no amulet)
HPRegen  0.11/turn              f - ring of magical power
MPRegen  0.21/turn              j - ring of magical power

@: no status effects
A: small, antennae 1, blink, carnivore, subdued magic 1
a: Blink, Renounce Religion


You were in an ossuary.
You worshipped Sif Muna.
Sif Muna was noncommittal.
You were very full.

You visited 1 branch of the dungeon, and saw 4 of its levels.
You also visited: Ossuary.

You collected 168 gold pieces.

Inventory:

Hand Weapons
 a - a +1 dagger
 c - a +0 spear of venom (weapon)
 q - a +0 blowgun
 t - a +0 whip of electrocution
Missiles
 r - 13 poisoned needles
Armour
 b - a +1 robe (worn)
Jewellery
 f - a ring of magical power (left hand)
 j - a ring of magical power (right hand)
 k - an uncursed ring of ice {unknown}
Wands
 m - a wand of random effects (25)
Scrolls
 e - 4 scrolls of identify
 h - a scroll of enchant armour
 l - 2 scrolls of teleportation
Potions
 g - a potion of magic
 o - a potion of invisibility {unknown}
 p - a potion of ambrosia {unknown}
Comestibles
 d - 4 rations


   Skills:
 + Level 1.5 Fighting
 + Level 2.3 Short Blades
 + Level 3.7 Dodging
 + Level 5.4 Stealth
 + Level 2.7 Spellcasting
 * Level 4.3 Hexes


You had 7 spell levels left.
You knew the following spells:

 Your Spells              Type           Power        Failure   Level  Hunger
a - Corona                Hex            ##.....      1%          1    #......
b - Ensorcelled Hibernat  Hex/Ice        #.....       9%          2    ##.....

Your spell library contained the following spells:

 Spells                   Type           Power        Failure   Level  Hunger
 Confuse                  Hex            ##......     7%          3    ###....
 Tukima's Dance           Hex            ##......     7%          3    ###....
 Dazzling Spray           Conj/Hex       #.....       17%         3    ###....


Dungeon Overview and Level Annotations

Branches:
Dungeon (4/15)
 Temple: D:4-7

Altars:
Sif Muna
Zin


Innate Abilities, Weirdness & Mutations

You are small and have problems with some larger weapons.
You are carnivorous and can eat meat at any time.
You have a pair of small antennae on your head.
You can translocate small distances at will.
Your spells are a little easier to cast, but a little less powerful.


Message History

You reach to attack!
You hit the mummy but do no damage.
The mummy is heavily damaged.
You hit the mummy.
The mummy is severely damaged.
You barely miss the mummy.
The mummy is severely damaged.
The mummy hits you!
You are too injured to fight recklessly!
You are too injured to fight recklessly!
You hit the mummy.
The mummy is almost destroyed.
You hit the mummy but do no damage.
The mummy is almost destroyed.
The mummy hits you.
* * * LOW HITPOINT WARNING * * *
You hit the mummy but do no damage.
The mummy is almost destroyed.
The mummy hits you!
Ouch! That really hurt!
You die...

#..# #..# #..+
#..### #..#.#
#..#.### #..#...#
{ {{
#@M###'###+###+###
#.................
#∩................
##################


You could see a mummy.

Vanquished Creatures
  Jessica (D:2)
  Natasha (thrice) (D:2)
  A mummy (Ossuary)
  4 adders
  2 oozes
  A worm (D:2)
  2 dart slugs
  A leopard gecko (D:1)
  4 bats
  3 giant cockroaches
  5 hobgoblins
  7 frilled lizards
  6 goblins
  10 kobolds
  A quokka skeleton (D:4)
  2 quokka zombies (Ossuary)
  4 rats
57 creatures vanquished.

Notes
Turn   | Place    | Note
-------+----------+-------------------------------------------
     0 | D:1      | Knicklaso the Kobold Enchanter began the quest for the Orb.
     0 | D:1      | Reached XP level 1. HP: 10/10 MP: 3/3
   280 | D:1      | Reached XP level 2. HP: 14/15 MP: 5/5
   969 | D:2      | Noticed Jessica
   988 | D:2      | Killed Jessica
   988 | D:2      | Reached XP level 3. HP: 5/19 MP: 6/6
  1316 | D:2      | Learned a level 2 spell: Ensorcelled Hibernation
  1398 | D:2      | Reached XP level 4. HP: 24/24 MP: 7/7
  1438 | D:2      | Gained mutation: Your spells are a little easier to cast,
                  | but a little less powerful. [potion of mutation]
  1438 | D:2      | Gained mutation: You have a pair of small antennae on your
                  | head. [potion of mutation]
  1438 | D:2      | Gained mutation: You can translocate small distances at
                  | will. [potion of mutation]
  1720 | D:2      | Noticed Natasha
  1730 | D:2      | Killed Natasha
  1730 | D:2      | Reached skill level 5 in Stealth
  2010 | D:2      | Reached skill level 1 in Fighting
  2216 | D:2      | Reached XP level 5. HP: 16/29 MP: 8/8
  2352 | D:2      | Upgraded the game from 0.22.1-1-ga44c0e56f4 to
                  | 0.22.1-2-g9c5b331383
  2386 | D:2      | Noticed Natasha
  2396 | D:2      | Killed Natasha
  2601 | D:2      | Noticed Natasha
  2611 | D:2      | Killed Natasha
  3002 | D:2      | Found a deep blue altar of Sif Muna.
  3189 | D:2      | Became a worshipper of Sif Muna the Loreminder
  3517 | D:3      | Reached XP level 6. HP: 34/34 MP: 10/10
  3725 | D:3      | Found a glowing silver altar of Zin.
  3726 | D:3      | Noticed an angel
  3906 | D:4      | Found a sand-covered staircase.
  3919 | Ossuary  | Entered an ossuary
  4148 | Ossuary  | Mangled by a mummy

Skill      XL: |  1  2  3  4  5 |
---------------+----------------+-----
Dodging        | 3 |  3.7
Stealth        | 5 |  5.4
Fighting       | 1 |  1.5
Hexes          | 4 |  4.3
Short Blades   | 2 |  2.3
Spellcasting   | |  2.7

Action                   |  1- 3 |  4- 6 || total
-------------------------+-------+-------++-------
Melee: Spear             |    49 |   177 ||   226
 Cast: Corona            |       |     2 ||     2
       Ensorcelled Hiber |       |     3 ||     3
  Use: Potion            |       |     3 ||     3
       Scroll            |       |     5 ||     5
 Stab: Sleeping          |     5 |    10 ||    15
  Eat: Chunk             |     8 |     9 ||    17
Armor: Robe              |     5 |    13 ||    18
Dodge: Dodged            |    19 |   100 ||   119
